 Dungeon Crawl Stone Soup version 0.21-a0-584-g185da8e (webtiles) character file.

32668 Amnesiac the Markscentaur (level 13, -3/118 HPs)
             Began as a Centaur Hunter on Dec 21, 2017.
             Was a High Priest of Okawaru.
             Slain by a harpy (4 damage)
             ... summoned by Kirke
             ... on level 14 of the Dungeon.
             The game lasted 00:41:49 (23065 turns).

Amnesiac the Markscentaur (Centaur Hunter)         Turns: 23065, Time: 00:41:50

Health: -3/118     AC:  0    Str: 16    XL:     13   Next: 32%
Magic:  19/19      EV: 19    Int: 10    God:    Okawaru [*****.]
Gold:   300        SH:  0    Dex: 14    Spells: 4/12 levels left

rFire    . . .     SeeInvis .   (weapon currently unavailable)
rCold    . . .     Gourm    .   (shield currently unavailable)
rNeg     . . .     Faith    .   (armour currently unavailable)
rPois    .         Spirit   .   (helmet currently unavailable)
rElec    .         Reflect  .   (cloak currently unavailable)
rCorr    .         Harm     .   (gloves currently unavailable)
MR       .....                  (no barding)
Stlth    +.........             (no amulet)
HPRegen  0.29/turn              (ring currently unavailable)
MPRegen  0.16/turn              (ring currently unavailable)

@: about to teleport, pig-form, slowed
A: small
a: Heroism, Finesse, Renounce Religion


You were on level 14 of the Dungeon.
You worshipped Okawaru.
Okawaru was extremely pleased with you.
You were not hungry.
You were a filthy swine.
You visited 1 branch of the dungeon, and saw 14 of its levels.
You also visited: Sewer and Bailey.

You collected 994 gold pieces.
You spent 694 gold pieces at shops.

Inventory:

Hand Weapons
 a - a +2 shortbow of velocity (melded)
 b - a +2 hunting sling of freezing
 i - a +2 dagger of electrocution
 t - a +4 quarterstaff of chaos
 z - a +0 longbow
Missiles
 c - 8 curare-tipped needles
 d - 416 arrows
 e - 67 poisoned needles
 K - a throwing net (quivered)
Armour
 r - a +0 cloak (melded)
 N - the +4 scale mail "Qukoy" (melded) {rF- rC+++ rCorr Stlth+}
   (Okawaru gifted it to you on level 12 of the Dungeon)

   It makes you vulnerable to fire.
   It renders you almost immune to cold.
   It protects you from acid and corrosion.
   It makes you more stealthy.
 T - a +0 helmet (melded)
 U - a +0 centaur barding (melded)
 V - a +0 pair of gloves (melded)
Jewellery
 I - a ring of fire (melded)
 O - an uncursed ring of wizardry
 R - an uncursed ring of ice
 S - a +2 ring of strength (melded)
Wands
 g - a wand of iceblast (32)
 n - a wand of enslavement (10)
 p - a wand of random effects (16)
 P - a wand of digging (6)
 X - a wand of disintegration (18)
Scrolls
 k - 5 scrolls of magic mapping {!r}
 l - 2 scrolls of teleportation {!r}
 m - 2 scrolls of blinking {!r}
 w - 11 scrolls of remove curse {!r}
 x - 3 scrolls of identify {!r}
 y - 3 scrolls of fear {!r}
 A - 3 scrolls of enchant armour {!r}
 B - 6 scrolls of fog {!r}
 F - a scroll of vulnerability {!r}
 G - 2 scrolls of silence {!r}
 H - 2 scrolls of enchant weapon {!r}
 J - 2 scrolls of amnesia {!r}
 Q - 4 scrolls of immolation {!r}
Potions
 h - a potion of cancellation {!q}
 j - a potion of ambrosia {!q, unknown}
 o - a potion of brilliance {!q}
 s - a potion of berserk rage {!q}
 u - a potion of flight {!q}
 v - 3 potions of might {!q}
 C - 2 potions of haste {!q}
 D - a potion of magic {!q}
 E - 5 potions of curing {!q}
 L - 2 potions of agility {!q}
 M - 3 potions of resistance {!q}
 Z - 2 potions of mutation {!q}
Comestibles
 f - 23 rations


   Skills:
 - Level 12.0 Fighting
 * Level 16.4 Bows
 - Level 7.0 Armour
 - Level 7.0 Dodging
 - Level 0.4 Stealth
 - Level 9.0 Invocations


You had 4 spell levels left.
You knew the following spells:

 Your Spells              Type           Power        Failure   Level  Hunger
a - Song of Slaying       Chrm           #.......     50%         2    ###....
b - Apportation           Tloc           #.....       36%         1    ##.....
c - Summon Small Mammal   Summ           #...         36%         1    ##.....
r - Regeneration          Chrm/Necr      #.........   75%         3    ####...
z - Confusing Touch       Hex            #.....       36%         1    ##.....


Dungeon Overview and Level Annotations

Branches:
Dungeon (14/15)            Temple (0/1) D:5            Lair (0/6) D:9
    Orc (0/2) D:12
 Vaults: D:13-14

Altars:
Cheibriados
Dithmenos
Elyvilon
Fedhas
Hepliaklqana
Makhleb
Nemelex Xobeh
Okawaru
Qazlal
Ru
Uskayaw
Vehumet
Xom
Zin

Shops:
D:4 ?   D:12 *

Annotations:
D:3 exclusion: oklob plant
D:12 Iwannabefree's ghost, journeyman NaAr
D:14 Kirke


Innate Abilities, Weirdness & Mutations

((You have hooves in place of feet.))
((Armour fits poorly on your strangely shaped body.))
((You cover ground very quickly.))
((You have extremely tough skin. (AC +3)))


Message History

Firing (i - inventory. (,) - cycle):
d - 419 arrows (quivered)
Press: ? - help, Shift-Dir - straight line, f/p - Kirke
Aim: Kirke (lightly wounded)
You shoot an arrow. The arrow hits Kirke.
Kirke is lightly wounded.
Kirke closely misses you.
A hog comes into view.
Firing (i - inventory. (,) - cycle):
d - 418 arrows (quivered)
Press: ? - help, Shift-Dir - straight line, f/p - Kirke
Aim: Kirke (lightly wounded)
You shoot an arrow. The arrow hits Kirke!
Kirke is moderately wounded.
Kirke closely misses you.
Firing (i - inventory. (,) - cycle):
d - 417 arrows (quivered)
Press: ? - help, Shift-Dir - straight line, f/p - Kirke
Aim: Kirke (moderately wounded)
You shoot an arrow. The arrow hits Kirke!
Kirke is heavily wounded.
Kirke gestures at you while chanting.
You turn into a filthy swine.
You feel weaker.
A hog comes into view.
You can't do that in your present form.
Kirke gestures wildly while chanting.
Kirke summons some harpies!
The harpy claws you! x2; The harpy barely misses you.
The harpy completely misses you. The harpy barely misses you. x2
The harpy claws you! The harpy claws you.
* * * LOW HITPOINT WARNING * * *
The harpy screeches!
The harpy claws you.
* * * LOW HITPOINT WARNING * * *
The harpy closely misses you.
Kirke gestures wildly while chanting.
Kirke flickers and vanishes!
Deactivating autopickup; reactivate with Ctrl-A.
The harpy screeches!
The harpy misses you. The harpy claws you!
* * * LOW HITPOINT WARNING * * *
The harpy barely misses you. The harpy completely misses you.
The harpy misses you. The harpy barely misses you.
The harpy screeches!
The harpy closely misses you. The harpy completely misses you.
The harpy screeches!
The harpy misses you. The harpy closely misses you. The harpy claws you.
* * * LOW HITPOINT WARNING * * *
The harpy claws you.
* * * LOW HITPOINT WARNING * * *
The harpy screeches!
The harpy claws you.
* * * LOW HITPOINT WARNING * * *
The harpy claws you!
* * * LOW HITPOINT WARNING * * *
The harpy claws you.
* * * LOW HITPOINT WARNING * * *
The harpy barely misses you.
Really read
l - 3 scrolls of teleportation {!r}?
As you read the scroll of teleportation {!r}, it crumbles to dust.
You feel strangely unstable.
The harpy screeches!
The harpy claws you!!
* * * LOW HITPOINT WARNING * * *
The harpy misses you. The harpy claws you.
You die...

...........# #.#
........#..#####.# ####
........#..#.. ... (.#
+####+#.#..#.# #.# #h#
.####.#.#..#.###.####### #(#
................H>..h..###.##
..###.#....).#...h...h......#
#.# #.#####.##.#H#####.######
#.# #..........#h# #.#
#.#########.####.# #.# #..#
#<....#.#####.# ##.#
##.##.#.#...#.# ##'##
#.##.#.#.#.#)#
#...#######.##.#.#.#.#.#
............##.#.#.#.#.#
.....#####..##.#.#.....#
...#.# #......#.###)########


You could see 2 harpies and a hog.

Vanquished Creatures
  Fannar (D:10)
  A hydra (D:14)
  A catoblepas (D:14)
  3 two-headed ogres
  A dancing weapon (D:14)
  The ghost of sithsevirus the Basher, a journeyman GrFi of Okawaru (D:11)
  2 centaur warriors (D:13)
  A tengu warrior (D:13)
  Sonja (D:14)
  6 skeletal warriors
  2 orc knights (Bailey)
  2 ugly things
  A cyclops (D:13)
  Joseph (D:7)
  A centaur zombie (D:14)
  Maurice (D:9)
  Psyche (D:11)
  2 gargoyles
  2 kobold demonologists
  A tengu conjurer (D:13)
  3 trolls
  A polar bear (D:11)
  Prince Ribbit (D:5)
  A hornet (D:10)
  5 slime creatures (D:13)
  3 hippogriffs
  2 centaur simulacra (D:11)
  A wraith (D:12)
  A water elemental (D:11)
  A yak (D:11)
  4 wyverns
  A hog (D:14)
  2 basilisks
  2 hungry ghosts
  Grum (D:11)
  A redback simulacrum (D:13)
  A steam dragon (D:10)
  4 vampire mosquitoes (D:13)
  Menkaure (D:5)
  An acid dragon (D:11)
  A water moccasin (D:11)
  A meliai simulacrum (D:14)
  A swamp drake (D:12)
  17 orc warriors
  A hornet zombie (D:8)
  An eye of draining (D:14)
  A sky beast (D:8)
  2 phantoms (D:6)
  6 ice beasts
  6 necrophages
  7 ogres
  22 centaurs
  4 wolves
  A crocodile (D:10)
  2 big kobolds
  7 bullfrogs
  A wyvern zombie (D:7)
  A gnoll sergeant (D:7)
  Blork the orc (D:5)
  A wyvern skeleton (D:13)
  5 killer bees (D:10)
  17 wights
  4 electric eels (D:11)
  A bullfrog zombie (D:5)
  7 crimson imps
  A quasit (D:8)
  5 hounds
  12 orc priests
  A jelly (D:9)
  Crazy Yiuf (D:2)
  2 bullfrog skeletons
  9 orc wizards
  5 centaur skeletons
  12 worker ants
  2 killer bee zombies
  2 bullfrog simulacra (D:11)
  A worker ant zombie (D:7)
  4 gnolls (D:7)
  11 adders
  A howler monkey skeleton (D:10)
  2 river rats (Sewer)
  5 shadow imps
  A worker ant simulacrum (D:11)
  2 ufetubi (D:11)
  2 oozes (D:1)
  2 adder zombies
  An adder skeleton (D:4)
  3 worms (D:2)
  2 dart slugs (D:1)
  8 leopard geckos
  63 orcs
  7 ball pythons
  6 giant cockroaches
  A hobgoblin (D:3)
  10 jackals
  8 quokkas
  4 bats
  13 frilled lizards
  10 goblins
  19 kobolds
  A quokka skeleton (D:4)
  12 rats
438 creatures vanquished.

Vanquished Creatures (collateral kills)
  The ghost of Iwannabefree the Covert, a journeyman NaAr of Ashenzari (D:11)
1 creature vanquished.

Grand Total: 439 creatures vanquished

Notes
Turn   | Place    | Note
-------+----------+-------------------------------------------
     0 | D:1      | Amnesiac the Centaur Hunter began the quest for the Orb.
     0 | D:1      | Reached XP level 1. HP: 17/17 MP: 1/1
   137 | D:1      | Reached skill level 1 in Armour
   137 | D:1      | Reached XP level 2. HP: 20/24 MP: 2/2
   292 | D:1      | Found a sparkling altar of Nemelex Xobeh.
   525 | D:1      | Reached XP level 3. HP: 24/29 MP: 3/3
   583 | D:1      | Reached skill level 6 in Bows
   895 | D:2      | Found a glowing silver altar of Zin.
  1190 | D:2      | Found a runed door.
  1608 | D:2      | Found a white marble altar of Elyvilon.
  1785 | D:2      | Reached XP level 4. HP: 23/36 MP: 4/4
  2051 | D:2      | Noticed Crazy Yiuf
  2135 | D:2      | Killed Crazy Yiuf
  2135 | D:2      | Reached skill level 7 in Bows
  2615 | D:3      | Found a sacrificial altar of Ru.
  2616 | D:3      | Found a shimmering altar of Xom.
  2618 | D:3      | Found an iron altar of Okawaru.
  2620 | D:3      | Found a hide-covered altar of Uskayaw.
  2620 | D:3      | Found a radiant altar of Vehumet.
  2626 | D:3      | Became a worshipper of Warmaster Okawaru
  3057 | D:3      | Found a blossoming altar of Fedhas.
  3069 | D:3      | Noticed an oklob plant
  3623 | D:4      | Reached XP level 5. HP: 38/41 MP: 5/5
  3666 | D:4      | Found Qoikhuith's Magic Scroll Boutique.
  3676 | D:4      | Bought a scroll of identify for 28 gold pieces
  3676 | D:4      | Bought a scroll of enchant armour for 105 gold pieces
  3705 | D:4      | Reached skill level 8 in Bows
  3935 | D:4      | Noticed a centaur
  3953 | D:4      | Killed a centaur
  3953 | D:4      | Reached skill level 9 in Bows
  3953 | D:4      | Reached XP level 6. HP: 7/48 MP: 6/6
  4268 | D:4      | Reached * piety under Okawaru
  4481 | D:4      | Found a shadowy altar of Dithmenos.
  4789 | D:5      | Entered Level 5 of the Dungeon
  4838 | D:5      | Found a glowing drain.
  4886 | D:5      | Reached skill level 10 in Bows
  5034 | Sewer    | Entered a sewer
  5434 | D:5      | Found a staircase to the Ecumenical Temple.
  5446 | D:5      | Noticed Blork the orc
  5457 | D:5      | Killed Blork the orc
  5457 | D:5      | Reached XP level 7. HP: 39/55 MP: 7/7
  5596 | D:5      | Reached skill level 11 in Bows
  5685 | D:5      | Noticed Prince Ribbit
  5697 | D:5      | Killed Prince Ribbit
  5697 | D:5      | Reached ** piety under Okawaru
  5697 | D:5      | Reached skill level 12 in Bows
  5739 | D:5      | Noticed Menkaure
  5748 | D:5      | Killed Menkaure
  5748 | D:5      | Reached XP level 8. HP: 61/61 MP: 8/8
  6448 | D:6      | Reached skill level 13 in Bows
  6635 | D:6      | Reached skill level 14 in Bows
  6881 | D:6      | Reached *** piety under Okawaru
  7207 | D:7      | Noticed Joseph
  7687 | D:7      | Reached XP level 9. HP: 49/67 MP: 12/12
  7688 | D:7      | Reached skill level 5 in Invocations
  7896 | D:7      | Noticed a skeletal warrior
  8079 | D:6      | Killed a skeletal warrior
  8079 | D:6      | Received a gift from Okawaru
  8079 | D:6      | Reached **** piety under Okawaru
  8959 | D:7      | Killed Joseph
  9738 | D:7      | Noticed a gargoyle
  9853 | D:7      | Killed a gargoyle
 10275 | D:7      | Reached XP level 10. HP: 76/77 MP: 16/16
 11342 | D:8      | Noticed a two-headed ogre
 11346 | D:8      | Noticed a two-headed ogre
 11360 | D:8      | Noticed a two-headed ogre
 11519 | D:7      | Killed a two-headed ogre
 11519 | D:7      | Reached ***** piety under Okawaru
 11519 | D:7      | Received a gift from Okawaru
 11519 | D:7      | Reached skill level 5 in Fighting
 11729 | D:7      | Killed a two-headed ogre
 12170 | D:8      | Killed a two-headed ogre
 12170 | D:8      | Received a gift from Okawaru
 12231 | D:8      | Found a burning altar of Makhleb.
 13104 | D:9      | Received a gift from Okawaru
 13362 | D:9      | Got a scorched fustibalus {god gift}
 13404 | D:9      | Identified the +3 fustibalus of Plague {venom, rC++ MR- Dex+3 SInv} (Okawaru gifted it to you on level 9 of the Dungeon)
 13490 | D:9      | Reached XP level 11. HP: 74/89 MP: 17/17
 13736 | D:9      | Noticed Maurice
 13753 | D:9      | Killed Maurice
 13758 | D:9      | Found a snail-covered altar of Cheibriados.
 13860 | D:9      | Found a hazy altar of Hepliaklqana.
 13886 | D:9      | Found a staircase to the Lair.
 14051 | D:10     | Entered Level 10 of the Dungeon
 14299 | D:10     | Found a sacrificial altar of Ru.
 14466 | D:10     | Found a flagged portal.
 14482 | Bailey   | Entered a bailey
 14674 | Bailey   | Noticed an orc knight
 14771 | Bailey   | Got bloodstained ice dragon scales
 14832 | Bailey   | Killed an orc knight
 14836 | Bailey   | Noticed an orc knight
 14911 | Bailey   | Killed an orc knight
 14911 | Bailey   | Reached skill level 5 in Armour
 14911 | Bailey   | Reached skill level 5 in Dodging
 15079 | D:10     | Identified the +1 ice dragon scales of Valour {rF- rC++ MR+} (You found it in a bailey)
 15817 | D:11     | Received a gift from Okawaru
 15853 | D:11     | Noticed Fannar
 15901 | D:10     | Killed Fannar
 16005 | D:11     | Noticed sithsevirus's ghost (journeyman GrFi)
 16393 | D:11     | Noticed a white ugly thing
 16405 | D:11     | Killed a white ugly thing
 16405 | D:11     | Received a gift from Okawaru
 16417 | D:11     | Noticed Psyche
 16430 | D:11     | Killed Psyche
 16430 | D:11     | Reached skill level 10 in Fighting
 16450 | D:11     | Noticed Iwannabefree's ghost (journeyman NaAr)
 16571 | D:11     | Noticed Grum
 16585 | D:11     | Reached XP level 12. HP: 40/101 MP: 18/18
 16595 | D:11     | Received a gift from Okawaru
 16601 | D:11     | Killed Grum
 17107 | D:11     | Learned a level 2 spell: Song of Slaying
 17111 | D:11     | Learned a level 3 spell: Regeneration
 17258 | D:11     | Killed Iwannabefree's ghost
 17417 | D:11     | Killed sithsevirus's ghost
 17417 | D:11     | Reached ****** piety under Okawaru
 17725 | D:11     | Received a gift from Okawaru
 18183 | D:12     | Found Jishoi's Assorted Antiques.
 18209 | D:12     | Bought a brightly glowing wooden ring for 120 gold pieces
 18209 | D:12     | Identified the ring "Aluibun" {*Tele rF+ Str+2 Dex-3} (You bought it in a shop on level 12 of the Dungeon)
 18259 | D:12     | Noticed Iwannabefree's ghost (journeyman NaAr)
 19105 | D:12     | Received a gift from Okawaru
 19111 | D:12     | Got a faintly humming scale mail {god gift}
 19114 | D:12     | Found a staircase to the Orcish Mines.
 19138 | D:12     | Identified the +4 scale mail "Qukoy" {rF- rC+++ rCorr Stlth+} (Okawaru gifted it to you on level 12 of the Dungeon)
 19456 | D:4      | Bought a scroll of enchant weapon for 105 gold pieces
 19456 | D:4      | Bought a scroll of enchant armour for 105 gold pieces
 19456 | D:4      | Bought a scroll of teleportation for 42 gold pieces
 19456 | D:4      | Bought a scroll of fog for 28 gold pieces
 19456 | D:4      | Bought a scroll of magic mapping for 49 gold pieces
 19460 | D:4      | Bought a scroll of identify for 28 gold pieces
 19460 | D:4      | Bought 2 scrolls of identify for 56 gold pieces
 19463 | D:4      | Bought a scroll of identify for 28 gold pieces
 19543 | D:4      | Found a stormy altar of Qazlal.
 20493 | D:13     | Noticed a centaur warrior
 20769 | D:13     | Killed a centaur warrior
 20945 | D:13     | Found a radiant altar of Vehumet.
 21561 | D:13     | Noticed a centaur warrior
 21578 | D:13     | Killed a centaur warrior
 21588 | D:13     | Reached XP level 13. HP: 69/113 MP: 19/19
 21646 | D:13     | Learned a level 1 spell: Apportation
 21648 | D:13     | Learned a level 1 spell: Confusing Touch
 21650 | D:13     | Learned a level 1 spell: Summon Small Mammal
 21771 | D:13     | Reached skill level 15 in Bows
 21830 | D:13     | HP: 3/113 [enchanted long sword (18)]
 21860 | D:13     | HP: 1/118 [enchanted long sword (17)]
 22112 | D:14     | Received a gift from Okawaru
 22639 | D:14     | Noticed Sonja
 22655 | D:14     | Killed Sonja
 22723 | D:14     | Reached skill level 16 in Bows
 23046 | D:14     | Noticed Kirke
 23065 | D:14     | HP: 1/118 [harpy[Kirke] (18)]
 23065 | D:14     | Slain by a harpy

Vault maps used:
D:1:      nzn_arrival_depleted_hourglass, nemelex_xobeh_ov_fountains_minmay
D:2:      zin_treasury, lemuel_doored_altar, uniq_crazy_yiuf_cottage
D:3:      tgw_fedhas, grunt_temple_overflow_open, minmay_misc_feat_square
D:4:      nicolae_dithmenos_the_darkroom, nicolae_overflow_hidden_temple,
          serial_shops, shop_scrolls
D:5:      minmay_temple_entry_statues_fountains, first_ration,
          portal_sewer_entry_f, uniq_blork_the_orc, uniq_prince_ribbit1,
          uniq_menkaure
D:6:      minmay_checkerbox
D:7:      hangedman_cross_stitches, serial_curves, eino_curves_03,
          eino_curves_01, eino_curves_03, eino_curves_03, grunt_ogre_cave,
          uniq_joseph
D:8:      makhleb_altar_promises_db
D:9:      gammafunk_temple_overflow_statue, lair_entry_dummy,
          kennysheep_generic_room_9, uniq_maurice
D:10:     enter_bailey_3, nicolae_ru_awakened_eye
D:11:     serial_ice, serial_ice_d, serial_ice_m, serial_ice_a, serial_ice_o,
          serial_ice_j, serial_ice_g, serial_ice_n, due_unseen_surprise,
          uniq_fannar, uniq_grum, uniq_psyche
D:12:     erik_orc_1, serial_shops, kennysheep_little_box, minivault_27
D:13:     erik_vaults_1, basic_altar
D:14:     minmay_stone_trees_medium, uniq_kirke, uniq_sonja
Sewer:    sewer_co_cracked_pipes
Bailey:   bailey_polearm_1, bailey

Skill      XL: |  1  2  3  4  5  6  7  8  9 10 11 12 13 |
---------------+----------------------------------------+-----
Armour         | 1 2 4 5 7 |  7.0
Bows           | 6 7 9 10 12 14 16 | 16.4
Invocations    | 4 9 |  9.0
Fighting       | 3 7 10 12 | 12.0
Dodging        | 2 4 5 7 |  7.0
Stealth        | |  0.4

Action                   |  1- 3 |  4- 6 |  7- 9 | 10-12 | 13-15 || total
-------------------------+-------+-------+-------+-------+-------++-------
Melee: Short sword       |   134 |       |       |       |       ||   134
       Kick              |    23 |     1 |       |       |       ||    24
       Quarterstaff      |       |     5 |       |       |       ||     5
       Shortbow          |       |       |       |     2 |       ||     2
 Fire: Shortbow          |    17 |    15 |   299 |  1130 |   135 ||  1596
       Hunting sling     |       |   210 |   129 |   324 |       ||   663
       Fustibalus        |       |       |       |    93 |       ||    93
       Longbow           |       |       |       |       |    80 ||    80
Invok: Heroism           |       |       |       |     1 |     2 ||     3
       Finesse           |       |       |       |       |     2 ||     2
  Use: Scroll            |     1 |       |     2 |    19 |     2 ||    24
       Potion            |       |     5 |     2 |     1 |     3 ||    11
  Eat: Chunk             |       |     7 |     5 |    26 |     5 ||    43
       Ration            |       |     1 |     2 |     1 |       ||     4
Armor: Leather armour    |    44 |     3 |    15 |    91 |       ||   153
       Ring mail         |       |    44 |     9 |       |       ||    53
       Steam dragon scal |       |       |       |    76 |       ||    76
       Troll leather arm |       |       |       |    16 |       ||    16
       Ice dragon scales |       |       |       |     2 |       ||     2
       Scale mail        |       |       |       |    58 |    65 ||   123
       Acid dragon scale |       |       |       |    33 |       ||    33
Dodge: Dodged            |    60 |    49 |    44 |   300 |    47 ||   500

Table legend:
 A = Spawn XP
 B = Non-spawn XP
 C = Spawn XP percentage of total XP
 D = Spawn monster count
 E = Non-spawn monster count
 F = Spawn count percentage of total count
 G = Total turns spent on level
                    A         B        C        D         E        F      G
               +---------+---------+-------+---------+---------+-------+---------
         Total |       0 |   46669 |   0.0 |       0 |     439 |   0.0 | 23065
               +---------+---------+-------+---------+---------+-------+---------
           D:1 |       0 |      52 |   0.0 |       0 |      23 |   0.0 |   979
           D:2 |       0 |      88 |   0.0 |       0 |      18 |   0.0 |  1589
           D:3 |       0 |      18 |   0.0 |       0 |       7 |   0.0 |   947
           D:4 |       0 |     366 |   0.0 |       0 |      17 |   0.0 |  1347
           D:5 |       0 |    1092 |   0.0 |       0 |      21 |   0.0 |  1248
           D:6 |       0 |    1587 |   0.0 |       0 |      17 |   0.0 |  1961
           D:7 |       0 |    4721 |   0.0 |       0 |      47 |   0.0 |  3365
           D:8 |       0 |    2218 |   0.0 |       0 |      21 |   0.0 |  1274
           D:9 |       0 |    2051 |   0.0 |       0 |      31 |   0.0 |  1289
          D:10 |       0 |    3868 |   0.0 |       0 |      46 |   0.0 |  1856
          D:11 |       0 |    6766 |   0.0 |       0 |      46 |   0.0 |  2045
          D:12 |       0 |    3266 |   0.0 |       0 |      30 |   0.0 |  1668
          D:13 |       0 |   11050 |   0.0 |       0 |      41 |   0.0 |  1335
          D:14 |       0 |    7401 |   0.0 |       0 |      32 |   0.0 |  1204
         Sewer |       0 |      44 |   0.0 |       0 |      19 |   0.0 |   372
        Bailey |       0 |    2081 |   0.0 |       0 |      23 |   0.0 |   586
               +---------+---------+-------+---------+---------+-------+---------
